TOP OF THE 1ST |
Richland Rails batting - Pitching for Billings Polar Bears : RHP José Meza
|
Pitching: RHP José Meza
|
|
Batting: RHB Hsui-chuan Hong
|
0-0: Called Strike 0-1: Ball 1-1: Ground out U3 (Groundball, 34)
|
Batting: LHB Júlio Solís
|
0-0: Ball 1-0: Called Strike 1-1: Ground out 4-3 (Groundball, 4)
|
Batting: LHB Alje de Gast
|
0-0: Ball 1-0: Ball 2-0: Foul Ball, location: 2F 2-1: Foul Ball, location: 2F 2-2: Ball 3-2: Base on Balls
|
Batting: RHB Tak-wai Jia
|
0-0: Ball 1-0: Ball 2-0: Foul Ball, location: 2F 2-1: Foul Ball, location: 2F 2-2: Fly out, F7 (Flyball, 7)
|
Top of the 1st over - 0 runs, 0 hits, 0 errors, 1 left on base; Richland 0 - Billings 0 |
BOTTOM OF THE 1ST |
Billings Polar Bears batting - Pitching for Richland Rails : RHP Hirohisa Niiya
|
Pitching: RHP Hirohisa Niiya
|
|
Batting: RHB Cody Jaeckel
|
0-0: Ball 1-0: Swinging Strike 1-1: Swinging Strike 1-2: Ball 2-2: Ball 3-2: Base on Balls
|
Batting: LHB Phil MacNamara
|
0-0: Ball 1-0: Called Strike 1-1: SINGLE (Groundball, 34D) Cody Jaeckel to second Runner from 2nd tries for 3rd, SAFE, throw made to third
|
Batting: RHB José Ortíz
|
0-0: Foul Ball, location: 2F 0-1: Swinging Strike 0-2: Strikes out looking
|
Batting: RHB Patrick Pupovac
|
0-0: Called Strike 0-1: SINGLE (Line Drive, 7S) Cody Jaeckel scores Phil MacNamara to second
|
Batting: RHB Lynwood Dimartínez
|
0-0: Called Strike 0-1: Ball 1-1: Ball 2-1: Fielders Choice at 2nd, 6-4 (Groundball, 6) Phil MacNamara to third
|
Batting: RHB Luis Pérez
|
0-0: Ball 1-0: Called Strike 1-1: Ball 2-1: Swinging Strike 2-2: Ball 3-2: SINGLE (Line Drive, 6MD) Phil MacNamara scores Lynwood Dimartínez to second Lynwood Dimartínez to third
|
Batting: RHB Luis Álvarez
|
Pickoff Throw to First - Out!
|
Bottom of the 1st over - 2 runs, 3 hits, 0 errors, 1 left on base; Richland 0 - Billings 2 |
TOP OF THE 2ND |
Richland Rails batting - Pitching for Billings Polar Bears : RHP José Meza
|
Batting: RHB Tadamichi Yamamoto
|
0-0: Ball 1-0: Called Strike 1-1: Fly out, F8 (Flyball, 78S)
|
Batting: LHB Emosi Whiu
|
0-0: Ball 1-0: Called Strike 1-1: Fly out, F7 (Flyball, 78M)
|
Batting: RHB Pedro Martínez
|
0-0: Ball 1-0: Ground out 1-3 (Groundball, 15S)
|
Top of the 2nd over - 0 runs, 0 hits, 0 errors, 0 left on base; Richland 0 - Billings 2 |
BOTTOM OF THE 2ND |
Billings Polar Bears batting - Pitching for Richland Rails : RHP Hirohisa Niiya
|
Batting: RHB Luis Álvarez
|
0-0: Called Strike 0-1: Foul Ball, location: 2F 0-2: Ball 1-2: Ball 2-2: Foul Ball, location: 2F 2-2: Ball 3-2: Base on Balls
|
Batting: SHB Goro Yokoyama
|
0-0: Ball 1-0: Ball Wild Pitch! Luis Álvarez to second 2-0: Called Strike 2-1: Foul Ball, location: 2F 2-2: Ball 3-2: Strikes out swinging
|
Batting: RHB Corey Dudding
|
0-0: Ball 1-0: Foul Ball, location: 2F 1-1: Swinging Strike 1-2: Foul Ball, location: 2F 1-2: Ball 2-2: Ball 3-2: Base on Balls
|
Batting: RHB Cody Jaeckel
|
0-0: Ball 1-0: Ball 2-0: Fielders Choice at 2nd, 6-4 (Groundball, 6) Luis Álvarez to third
|
Batting: LHB Phil MacNamara
|
0-0: Swinging Strike 0-1: Ball 1-1: Ball 2-1: Fly out, F9 (Flyball, 9D)
|
Bottom of the 2nd over - 0 runs, 0 hits, 0 errors, 2 left on base; Richland 0 - Billings 2 |
TOP OF THE 3RD |
Richland Rails batting - Pitching for Billings Polar Bears : RHP José Meza
|
Batting: RHB Rick Johnson
|
0-0: Called Strike 0-1: Called Strike 0-2: Strikes out looking
|
Batting: RHB Frank Simon
|
0-0: Called Strike 0-1: Foul Ball, location: 2F 0-2: Ground out 3-1 (Groundball, 34S)
|
Batting: RHB Hsui-chuan Hong
|
0-0: Ball 1-0: Ground out 4-3 (Groundball, 4)
|
Top of the 3rd over - 0 runs, 0 hits, 0 errors, 0 left on base; Richland 0 - Billings 2 |
BOTTOM OF THE 3RD |
Billings Polar Bears batting - Pitching for Richland Rails : RHP Hirohisa Niiya
|
Batting: RHB José Ortíz
|
0-0: Called Strike 0-1: Called Strike 0-2: SINGLE (Groundball, 56S) (infield hit)
|
Batting: RHB Patrick Pupovac
|
0-0: Ball 1-0: Called Strike 1-1: Ball 2-1: Called Strike 2-2: Ball 3-2: Strikes out swinging
|
Batting: RHB Lynwood Dimartínez
|
0-0: SINGLE (Groundball, 4MD) José Ortíz to second Runner from 2nd tries for 3rd, SAFE, throw made to third
|
Batting: RHB Luis Pérez
|
0-0: Ball Lynwood Dimartínez steals 2nd base 1-0: Ball 2-0: Foul Ball, location: 2F 2-1: Ground out 5-3 (Groundball, 56S) José Ortíz scores Lynwood Dimartínez to third
|
Batting: RHB Luis Álvarez
|
0-0: Ball 1-0: Called Strike 1-1: Foul Ball, location: 2F 1-2: SINGLE (Line Drive, 4D) Lynwood Dimartínez scores
|
Batting: SHB Goro Yokoyama
|
0-0: Called Strike 0-1: Foul Ball, location: 2F 0-2: Ball 1-2: Ground out 4-3 (Groundball, 4MD)
|
Bottom of the 3rd over - 2 runs, 3 hits, 0 errors, 1 left on base; Richland 0 - Billings 4 |
TOP OF THE 4TH |
Richland Rails batting - Pitching for Billings Polar Bears : RHP José Meza
|
Batting: LHB Júlio Solís
|
0-0: Fly out, F7 (Flyball, 7D)
|
Batting: LHB Alje de Gast
|
0-0: Called Strike 0-1: Ball 1-1: Foul Ball, location: 2F 1-2: Ball 2-2: Ground out 4-3 (Groundball, 4)
|
Batting: RHB Tak-wai Jia
|
0-0: Fly out, F9 (Flyball, 89D)
|
Top of the 4th over - 0 runs, 0 hits, 0 errors, 0 left on base; Richland 0 - Billings 4 |
BOTTOM OF THE 4TH |
Billings Polar Bears batting - Pitching for Richland Rails : RHP Hirohisa Niiya
|
Pitching: LHP Feltse van Horssen
|
|
Batting: RHB Corey Dudding
|
0-0: Ball 1-0: Called Strike 1-1: Fly out, F8 (Flyball, 8LXD)
|
Batting: RHB Cody Jaeckel
|
0-0: SINGLE (Line Drive, 6MD)
|
Batting: LHB Phil MacNamara
|
0-0: Called Strike 0-1: Foul Ball, location: 2F 0-2: Foul Ball, location: 2F 0-2: Fly out, F8 (Line Drive, 8RD)
|
Batting: RHB José Ortíz
|
0-0: Called Strike 0-1: Swinging Strike 0-2: Ball 1-2: Ball 2-2: Ball Wild Pitch! Cody Jaeckel to second 3-2: Fly out, F8 (Flyball, 8RD)
|
Bottom of the 4th over - 0 runs, 1 hit, 0 errors, 1 left on base; Richland 0 - Billings 4 |
TOP OF THE 5TH |
Richland Rails batting - Pitching for Billings Polar Bears : RHP José Meza
|
Batting: RHB Tadamichi Yamamoto
|
0-0: SINGLE (Flyball, 7S)
|
Pitching: RHP Roberto Roque
|
|
Batting: LHB Emosi Whiu
|
0-0: Fly out, F7 (Line Drive, 78S)
|
Batting: RHB Pedro Martínez
|
0-0: Ball 1-0: Reached on error, E8 (Flyball, 8RS) Tadamichi Yamamoto to second
|
Batting: RHB Rick Johnson
|
0-0: Called Strike 0-1: SINGLE (Line Drive, 9LM) Tadamichi Yamamoto to third Pedro Martínez to second Runner from 3rd tries for Home, SAFE, no throw
|
Batting: RHB Frank Simon
|
0-0: Swinging Strike 0-1: Foul Ball, location: 2F 0-2: Strikes out swinging
|
Batting: RHB Hsui-chuan Hong
|
0-0: Ball 1-0: Swinging Strike 1-1: Swinging Strike 1-2: SINGLE (Groundball, 4D) Pedro Martínez to third Rick Johnson to second Runner from 3rd tries for Home, throw and OUT!
|
Top of the 5th over - 1 run, 3 hits, 1 error, 2 left on base; Richland 1 - Billings 4 |
BOTTOM OF THE 5TH |
Billings Polar Bears batting - Pitching for Richland Rails : LHP Feltse van Horssen
|
Batting: RHB Patrick Pupovac
|
0-0: Ball 1-0: Foul Ball, location: 2F 1-1: Ball 2-1: Swinging Strike 2-2: Foul Ball, location: 2F 2-2: Foul Ball, location: 2F 2-2: Ball 3-2: Base on Balls
|
Batting: RHB Lynwood Dimartínez
|
0-0: Ball 1-0: Ball 2-0: Swinging Strike 2-1: Ball 3-1: Base on Balls Patrick Pupovac to second
|
Batting: RHB Luis Pérez
|
0-0: Ball 1-0: Called Strike 1-1: Reached on error, E1 (Groundball, 13S) Patrick Pupovac to third Lynwood Dimartínez to second
|
Batting: RHB Luis Álvarez
|
0-0: Ball 1-0: Ball 2-0: Foul Ball, location: 2F 2-1: Grounds into double play, 5-2-3 (Groundball, 56S) Lynwood Dimartínez to third Luis Pérez to second
|
Batting: SHB Goro Yokoyama
|
0-0: Swinging Strike 0-1: Called Strike 0-2: Ball 1-2: Ball 2-2: Ground out 4-3 (Groundball, 4M)
|
Bottom of the 5th over - 0 runs, 0 hits, 1 error, 2 left on base; Richland 1 - Billings 4 |
TOP OF THE 6TH |
Richland Rails batting - Pitching for Billings Polar Bears : RHP Roberto Roque
|
Batting: LHB Júlio Solís
|
0-0: Ground out 6-3 (Groundball, 6)
|
Batting: LHB Alje de Gast
|
0-0: Ball 1-0: Ball 2-0: Swinging Strike 2-1: Foul Ball, location: 2F 2-2: Strikes out swinging
|
Batting: RHB Tak-wai Jia
|
0-0: Fly out, F4 (Popup, 4D)
|
Top of the 6th over - 0 runs, 0 hits, 0 errors, 0 left on base; Richland 1 - Billings 4 |
BOTTOM OF THE 6TH |
Billings Polar Bears batting - Pitching for Richland Rails : LHP Feltse van Horssen
|
Batting: RHB Corey Dudding
|
0-0: Ball 1-0: Foul Ball, location: 2F 1-1: Called Strike 1-2: Strikes out looking
|
Batting: RHB Cody Jaeckel
|
0-0: Ball 1-0: Called Strike 1-1: Ball 2-1: Ball 3-1: Base on Balls
|
Batting: LHB Phil MacNamara
|
0-0: Ball 1-0: Ball 2-0: Fly out, F8 (Flyball, 78D)
|
Batting: RHB José Ortíz
|
0-0: Ball 1-0: Called Strike 1-1: Ball 2-1: Called Strike 2-2: Foul Ball, location: 2F 2-2: DOUBLE (Line Drive, 7LS) Cody Jaeckel to third Runner from 3rd tries for Home, SAFE, no throw
|
Batting: RHB Patrick Pupovac
|
0-0: Ground out 5-3 (Groundball, 5L)
|
Bottom of the 6th over - 1 run, 1 hit, 0 errors, 1 left on base; Richland 1 - Billings 5 |
TOP OF THE 7TH |
Richland Rails batting - Pitching for Billings Polar Bears : RHP Roberto Roque
|
Batting: RHB Tadamichi Yamamoto
|
0-0: Called Strike 0-1: Swinging Strike 0-2: Foul Ball, location: 2F 0-2: Ball 1-2: Foul Ball, location: 2F 1-2: Ball 2-2: Strikes out swinging
|
Batting: LHB Emosi Whiu
|
0-0: Swinging Strike 0-1: Called Strike 0-2: Ball 1-2: SINGLE (Groundball, 34D)
|
Batting: RHB Pedro Martínez
|
0-0: Ball 1-0: Ball 2-0: Called Strike 2-1: Called Strike 2-2: Ball 3-2: Base on Balls Emosi Whiu to second
|
Batting: RHB Rick Johnson
|
0-0: Foul Ball, location: 2F 0-1: Ball 1-1: Swinging Strike 1-2: Ball 2-2: Strikes out swinging
|
Batting: RHB Frank Simon
|
0-0: Ball 1-0: Ball 2-0: Ground out 1-3 (Groundball, 13S)
|
Top of the 7th over - 0 runs, 1 hit, 0 errors, 2 left on base; Richland 1 - Billings 5 |
BOTTOM OF THE 7TH |
Billings Polar Bears batting - Pitching for Richland Rails : LHP Feltse van Horssen
|
Batting: RHB Lynwood Dimartínez
|
0-0: Foul Ball, location: 2F 0-1: Called Strike 0-2: Ball 1-2: Ball 2-2: Ball 3-2: Base on Balls
|
Batting: RHB Luis Pérez
|
0-0: DOUBLE (Flyball, 7LD) Lynwood Dimartínez to third
|
Batting: RHB Luis Álvarez
|
0-0: Intentional Walk
|
Batting: SHB Goro Yokoyama
|
0-0: Called Strike 0-1: Ball 1-1: Foul Ball, location: 2F 1-2: Ball 2-2: Ball 3-2: Base on Balls Lynwood Dimartínez scores Luis Pérez to third Luis Álvarez to second
|
Pitching: RHP Sammy Harmon
|
|
Batting: RHB Corey Dudding
|
0-0: Foul Ball, location: 2F 0-1: Fly out, F3 (Popup, 34S)
|
Batting: RHB Cody Jaeckel
|
0-0: Ball 1-0: Ball 2-0: Called Strike 2-1: Swinging Strike 2-2: Ball 3-2: Strikes out swinging
|
Batting: LHB Phil MacNamara
|
0-0: SINGLE (Flyball, 7S) Luis Pérez scores Luis Álvarez to third Goro Yokoyama to second Runner from 3rd tries for Home, SAFE, no throw
|
Batting: RHB José Ortíz
|
0-0: Ball Goro Yokoyama steals 3rd base 1-0: Called Strike 1-1: Foul Ball, location: 2F 1-2: Strikes out swinging
|
Bottom of the 7th over - 3 runs, 2 hits, 0 errors, 2 left on base; Richland 1 - Billings 8 |
TOP OF THE 8TH |
Richland Rails batting - Pitching for Billings Polar Bears : RHP Roberto Roque
|
Now at 1B: Rusty Nicholson
|
|
Batting: RHB Hsui-chuan Hong
|
0-0: Ball 1-0: Ground out 6-3 (Groundball, 6)
|
Batting: LHB Júlio Solís
|
0-0: Swinging Strike 0-1: Foul Ball, location: 2F 0-2: Ball 1-2: Strikes out swinging
|
Batting: LHB Alje de Gast
|
0-0: Ball 1-0: Ball 2-0: DOUBLE (Line Drive, 7LM)
|
Batting: RHB Tak-wai Jia
|
0-0: Ball 1-0: Called Strike 1-1: Ball 2-1: Fly out, F7 (Line Drive, 7D)
|
Top of the 8th over - 0 runs, 1 hit, 0 errors, 1 left on base; Richland 1 - Billings 8 |
BOTTOM OF THE 8TH |
Billings Polar Bears batting - Pitching for Richland Rails : RHP Sammy Harmon
|
Batting: RHB Patrick Pupovac
|
0-0: Ball 1-0: Swinging Strike 1-1: Foul Ball, location: 2F 1-2: Ball 2-2: Foul Ball, location: 2F 2-2: Ground out 3-1 (Groundball, 34)
|
Batting: RHB Lynwood Dimartínez
|
0-0: Ball 1-0: Foul Ball, location: 2F 1-1: Foul Ball, location: 2F 1-2: Ground out 4-3 (Groundball, 4S)
|
Batting: RHB Luis Pérez
|
0-0: Foul Ball, location: 2F 0-1: Fly out, F7 (Flyball, 78D)
|
Bottom of the 8th over - 0 runs, 0 hits, 0 errors, 0 left on base; Richland 1 - Billings 8 |
TOP OF THE 9TH |
Richland Rails batting - Pitching for Billings Polar Bears : RHP Roberto Roque
|
Batting: RHB Tadamichi Yamamoto
|
0-0: Ball 1-0: Ball 2-0: Ball 3-0: Base on Balls
|
Pitching: LHP Igarashi Momoru
|
|
Batting: LHB Emosi Whiu
|
0-0: Ball 1-0: Ball 2-0: Reached on error, E3 (Groundball, 3L) Tadamichi Yamamoto to second
|
Batting: RHB Pedro Martínez
|
0-0: Fly out, F7 (Flyball, 7LMF)
|
Batting: RHB Rick Johnson
|
0-0: Ball 1-0: Swinging Strike 1-1: Ball 2-1: Ball 3-1: Called Strike 3-2: Foul Ball, location: 2F 3-2: Strikes out looking
|
Batting: RHB Frank Simon
|
0-0: Ball 1-0: Ball 2-0: Ball 3-0: Called Strike 3-1: Base on Balls Tadamichi Yamamoto to third Emosi Whiu to second
|
Batting: RHB Hsui-chuan Hong
|
0-0: Ball 1-0: Fielders Choice at 2nd, 6-4 (Groundball, 56)
|
Top of the 9th over - 0 runs, 0 hits, 1 error, 3 left on base; Richland 1 - Billings 8 |
|